 Dungeon Crawl Stone Soup version 0.29.1-14-g9c671dbff4 (webtiles) character file.

Game seed: 9440016387050613079

81 VictoriousLee the Stinger (level 4, -4/27 HPs)
             Began as an Octopode Venom Mage on Feb 18, 2023.
             Slain by a black bear (8 damage)
             ... on level 3 of the Dungeon.
             The game lasted 00:19:46 (4597 turns).

VictoriousLee the Stinger (Octopode Venom Mage)     Turns: 4597, Time: 00:19:48

Health: -4/27      AC:  1    Str:  7    XL:     4   Next: 42%
Magic:  3/7        EV: 13    Int: 19    God:
Gold:   216        SH:  0    Dex: 12    Spells: 0/7 levels left

rFire   . . .      SeeInvis .   e - +0 short sword
rCold   . . .      Faith    .   (no shield)
rNeg    . . .      Spirit   .   (helmet restricted)
rPois   .          Reflect  .   (no amulet)
rElec   .          Harm     .   (no ring)
rCorr   .          Rampage  .   (no ring)
Will    .....                   (no ring)
Stlth   +++.......              (no ring)
HPRegen 0.09/turn               (no ring)
MPRegen 0.10/turn               (no ring)
                                (no ring)
                                (no ring)

@: very slightly contaminated
A: almost no armour, amphibious, 8 rings, camouflage 1, gelatinous body 1,
(nimble swimmer 1), tentacles
a: no special abilities


You were on level 3 of the Dungeon.
You visited 1 branch of the dungeon, and saw 4 of its levels.

You collected 216 gold pieces.

Inventory:

Hand Weapons
 e - a +0 short sword (weapon)
 h - a +0 sling
 m - a +0 spear
 n - a +0 mace
 o - a +0 sling
Missiles
 c - 55 stones
 p - 6 silver javelins
 u - 8 poisoned darts
Magical Staves
 s - a staff of air
Jewellery
 j - an amulet of guardian spirit
 v - a ring of resist corrosion
Scrolls
 g - 6 scrolls of teleportation {unknown}
 l - 2 scrolls of identify {unknown}
 r - a scroll of enchant armour {unknown}
 x - a scroll of acquirement {unknown}
 y - a scroll of noise {unknown}
 B - a scroll of fear {unknown}
Potions
 a - a potion of magic
 b - 2 potions of ambrosia {unknown}
 d - a potion of invisibility {unknown}
 f - a potion of might {unknown}
 i - a potion of haste {unknown}
 k - a potion of curing {unknown}
 q - 2 potions of resistance {unknown}
 t - a potion of mutation {unknown}
 w - a potion of attraction {unknown}
 z - a potion of lignification {unknown}
 A - a potion of berserk rage {unknown}


   Skills:
 - Level 0.6 Fighting
 - Level 2.0 Dodging
 - Level 2.6 Stealth
 - Level 0.2 Unarmed Combat
 - Level 2.0 Spellcasting
 - Level 1.0 Transmutations
 - Level 0.2 Air Magic
 + Level 5.9 Poison Magic


You couldn't memorise any spells.
You knew the following spells:

 Your Spells              Type           Power      Damage    Failure   Level
a - Sting                 Tmut/Pois      60%        1d6       4%          1
b - Poisonous Vapours     Pois/Air       26%        N/A       7%          2
c - Olgreb's Toxic Radia  Pois           24%        N/A       14%         4

Your spell library contained the following spells:

 Spells                   Type           Power      Damage    Failure   Level
 Necrotise                Necr           4%         1d4       17%         1
 Passwall                 Tmut/Erth      2%         N/A       21%         2
 Mephitic Cloud           Conj/Pois/Air  9%         N/A       22%         3
 Ensorcelled Hibernation  Hex/Ice        2%         N/A       26%         2
 Swiftness                Air            2%         N/A       43%         3
 Gell's Gravitas          Tloc           1%         N/A       45%         3
 Lesser Beckoning         Tloc           1%         N/A       45%         3
 Portal Projectile        Hex/Tloc       2%         N/A       45%         3
 Teleport Other           Tloc           1%         N/A       45%         3
 Tukima's Dance           Hex            1%         N/A       45%         3
 Vampiric Draining        Necr           1%         2d6       45%         3
 Blade Hands              Tmut           2%         N/A       97%         5
 Agony                    Necr           1%         N/A       99%         5


Dungeon Overview and Level Annotations

Branches:
Dungeon (4/15)
 Temple: D:4-7

Altars:
Makhleb

Shops:
D:2 (


Innate Abilities, Weirdness & Mutations

You cannot wear most types of armour.
You are amphibious.
You can wear up to eight rings at the same time.
Your skin changes colour to match your surroundings (Stealth+).
Your rubbery body absorbs attacks. (AC +1, EV +1)
((You are camouflaged when in or above water. (Stealth+)))
You have tentacles for arms and can constrict up to eight enemies at once.


Message History

The black bear is poisoned.
The black bear growls angrily.
You hear an angry hiss.
An adder comes into view.
Casting: Poisonous Vapours (safe; 7% risk of failure)
Confirm with . or Enter, or press ? or * to list all spells.
Aiming: Sting (safe; 4% risk of failure)
Press: ? - help, Shift-Dir - straight line, f/p - black bear
Aim: a black bear (poisoned, 81% to hit)
The sting hits the black bear.
The black bear looks even sicker.
The black bear is lightly wounded.
The black bear misses you. The black bear barely misses you.
The black bear claws you.
You climb upwards.
There is a stone staircase leading down here.
The black bear attacks as you move away!
The black bear bites you! The black bear claws you. x2
Casting: Sting (safe; 4% risk of failure)
Confirm with . or Enter, or press ? or * to list all spells.
Aiming: Sting (safe; 4% risk of failure)
Press: ? - help, Shift-Dir - straight line, f - black bear
Aim: a black bear (moderately wounded, very poisoned, 81% to hit)
The sting hits the black bear.
The black bear looks even sicker.
The black bear is heavily wounded.
The black bear misses you. The black bear claws you. x2
* * * LOW HITPOINT WARNING * * *
The black bear attacks as you move away!
The black bear bites you.
* * * LOW HITPOINT WARNING * * *
The black bear misses you. x2
Okay, then.
Casting: Sting (safe; 4% risk of failure)
Confirm with . or Enter, or press ? or * to list all spells.
Aiming: Sting (safe; 4% risk of failure)
Press: ? - help, Shift-Dir - straight line, f/p - black bear
Aim: a black bear (severely wounded, very poisoned, 81% to hit)
You miscast Sting.
You are very lightly contaminated with residual magic.
Nothing appears to happen.
The black bear bites you!
You die...

#.######...#########.....).....§.
...# ##........#####...≈§≈.≈≈§≈
...# #.>..............≈§.§§.§.
...# #.#......#####.#.§.≈≈≈≈≈.
...# #............#...≈.§...≈.
...######........###.#.#§≈..._.≈[
.................# #.#.#.≈.≈...≈.
...#######.....h.###.#.#.≈.≈≈≈≈≈.
...# #......@....#.#.≈...§.§§
...# #.######.####.#.≈≈≈≈≈≈≈≈
#### #.######......#......... #
#...............#.###.§. #
#################.# ####
###############...†......#.#
................########.#.#
......................##.#.#
#####################.##.#.#


You could see a black bear (very poisoned).

Vanquished Creatures
  A gnoll (D:1)
  4 worms
  A dart slug (D:2)
  4 ball pythons
  6 endoplasms
  4 giant cockroaches
  5 goblins
  4 hobgoblins
  4 quokkas
  8 bats
  2 frilled lizards
  5 kobolds
  6 rats
54 creatures vanquished.

Notes
Turn   | Place    | Note
-------+----------+-------------------------------------------
     0 | D:1      | VictoriousLee the Octopode Venom Mage began the quest for
                  | the Orb.
     0 | D:1      | Reached XP level 1. HP: 11/11 MP: 3/3
   408 | D:1      | Reached skill level 4 in Poison Magic
   678 | D:1      | Reached XP level 2. HP: 17/17 MP: 3/5
  1378 | D:1      | Reached skill level 5 in Poison Magic
  1378 | D:1      | Reached XP level 3. HP: 11/22 MP: 3/6
  1840 | D:2      | Found Koav's Weapon Boutique.
  2101 | D:2      | Learned a level 2 spell: Poisonous Vapours
  2595 | D:2      | Reached XP level 4. HP: 27/27 MP: 3/7
  3244 | D:3      | Found a burning altar of Makhleb.
  3279 | D:3      | Learned a level 4 spell: Olgreb's Toxic Radiance
  4387 | D:3      | Found a faded altar of an unknown god.
  4585 | D:4      | Noticed a black bear
  4597 | D:3      | Slain by a black bear

Illustrated notes

Levels and vault maps discovered:
D:1:      saegor_arrival_simple_b, layout_loops_corners, hex_large
D:2:      layout_basic, serial_shops, nicolae_shop_bloodbath_and_beyond,
          kennysheep_generic_room_11
D:3:      layout_basic, mainiacjoe_overflow_concentric_impassable,
          shapermc_ecumenical_altar_hornbeckon
D:4:      layout_rooms, general_overflow_altar,
          mainiacjoe_overflow_cross_hatched

Skill      XL: |  1  2 |
---------------+-------+-----
Poison Magic   | 4 5 |  5.9
Fighting       | |  0.6
Dodging        | |  2.0
Stealth        | |  2.6
Unarmed Combat | |  0.2
Spellcasting   | |  2.0
Transmutations | |  1.0
Air Magic      | |  0.2

Action                   |  1- 3 |  4- 6 || total
-------------------------+-------+-------++-------
Melee: Unarmed           |    11 |       ||    11
       Short sword       |    39 |    22 ||    61
       Tentacles         |     9 |     4 ||    13
       Constrict         |     4 |     8 ||    12
       Punch             |     1 |       ||     1
 Cast: Sting             |    29 |    12 ||    41
       Poisonous Vapours |     7 |    17 ||    24
 Stab: Sleeping          |     4 |     1 ||     5
Armor: Skin              |     3 |     1 ||     4
Dodge: Dodged            |    30 |    12 ||    42
